 Dungeon Crawl Stone Soup version 0.26.1-2-gb8aa6d0cf2 (webtiles) character file.

Game seed: 7893578011556652914

19936 dohliylev the Severer (level 12, -3/166 HPs)
             Began as a Minotaur Berserker on Mar 24, 2021.
             Was a High Priest of Trog.
             Slain by an orc high priest
             ... wielding a +0 long sword
              (8 damage)
             ... on level 2 of the Orcish Mines.
             The game lasted 00:35:10 (10617 turns).

dohliylev the Severer (Minotaur Berserker)         Turns: 10617, Time: 00:35:12

Health: -3/166     AC: 19    Str: 26    XL:     12   Next: 40%
Magic:  3/3        EV: 11    Int:  4    God:    Trog [*****.]
Gold:   431        SH:  7    Dex: 14    Spells: 11/11 levels left

rFire    x . .     SeeInvis .   c - +4 broad axe (antimagic)
rCold    + . .     Faith    .   V - +2 buckler {reflect}
rNeg     . . .     Spirit   .   C - +5 chain mail of the Disturbing Wonders {rF- Regen+ Dex+3}
rPois    .         Reflect  +   R - +1 hat
rElec    .         Harm     .   v - +0 cloak
rCorr    .         Rampage  .   M - +0 pair of gloves
Will     +....                  h - +0 pair of boots {run}
Stlth    ..........             (no amulet)
HPRegen  0.77/turn              T - ring of willpower
MPRegen  0.08/turn              K - ring of protection from cold

@: berserking (expiring), corroded, very quick
A: retaliatory headbutt, horns 2
a: Renounce Religion, Berserk, Trog's Hand, Brothers in Arms


You were on level 2 of the Orcish Mines.
You worshipped Trog.
Trog was extremely pleased with you.
You visited 2 branches of the dungeon, and saw 12 of its levels.
You also visited: Ossuary.

You collected 1099 gold pieces.
You spent 668 gold pieces at shops.

Inventory:

Hand Weapons
 c - a +4 antimagic broad axe (weapon)
Armour
 e - a +0 chain mail of fire resistance
 h - a +0 pair of boots of running (worn)
 v - a +0 cloak (worn)
 B - the +2 scale mail of Masochism {rPois rF- Int+8}
   (You found it on level 5 of the Dungeon)

   It affects your intelligence (+8).
   It makes you vulnerable to fire.
   It protects you from poison.
 C - the +5 chain mail of the Disturbing Wonders (worn) {rF- Regen+ Dex+3}
   (You found it on level 5 of the Dungeon)

   It affects your dexterity (+3).
   It makes you vulnerable to fire.
   It increases your rate of regeneration.
 F - +0 steam dragon scales
 H - the +7 ring mail of Talal {*Corrode rElec Stlth+}
   (You found it on level 6 of the Dungeon)

   It insulates you from electricity.
   It may corrode you when you take damage.
   It makes you more stealthy.
 M - a +0 pair of gloves (worn)
 R - a +1 hat (worn)
 V - a +2 buckler of reflection (worn)
Jewellery
 x - an uncursed ring of fire
 K - a ring of protection from cold (right hand)
 Q - an uncursed ring of fire
 T - a ring of willpower (left hand)
Wands
 a - a wand of digging (3)
Scrolls
 b - 5 scrolls of fog
 d - 5 scrolls of remove curse
 g - a scroll of identify
 i - 6 scrolls of teleportation
 m - a scroll of blinking
 o - 2 scrolls of magic mapping
 u - 2 scrolls of enchant armour
 y - a scroll of enchant weapon
 E - a scroll of holy word
Potions
 f - 5 potions of flight
 j - a potion of might {unknown}
 k - 8 potions of curing
 l - 4 potions of haste
 p - 5 potions of degeneration {unknown}
 r - a potion of magic {unknown}
 w - a potion of heal wounds {unknown}
 z - 2 potions of berserk rage {unknown}
 D - 2 potions of resistance {unknown}
 I - 2 potions of invisibility {unknown}
 N - 2 potions of attraction {unknown}
 S - a potion of lignification {unknown}


   Skills:
 + Level 11.7 Fighting
 + Level 16.6 Axes
 + Level 12.1 Armour
 + Level 5.4 Dodging
 + Level 3.0 Shields


You had 11 spell levels left.
You didn't know any spells.
Your spell library was empty.

Dungeon Overview and Level Annotations

Branches:
Dungeon (10/15)            Temple (0/1) D:4            Lair (0/6) D:9
    Orc (2/2) D:10            Elf (0/3) Orc:2       Ossuary (visited)

Altars:
Cheibriados
Fedhas
Makhleb
Nemelex Xobeh
Okawaru
Trog
Uskayaw
Wu Jian
Yredelemnul
Beogh
Jiyva

Shops:
D:5 :   D:10 ([([

Annotations:
D:10 2 transporters, arta456's ghost, journeyman DECj


Innate Abilities, Weirdness & Mutations

You reflexively headbutt those who attack you in melee.
You have a pair of horns on your head.


Message History

You kill the orc sorcerer!
Trog accepts your kill.
Trog appreciates your killing of a magic user.
The hellwing disappears in a puff of smoke!
You hit the orc high priest. You barely miss the rust devil.
You hit the sun demon but do no damage.
The orc warrior no longer looks unusually strong.
The sun demon hits you!!
* * * LOW HITPOINT WARNING * * *
You are engulfed in flames!!
The fire burns you terribly!
* * * LOW HITPOINT WARNING * * *
The rust devil hits you. The rust devil corrodes you!
Your life force feels restored.
Your Shields skill increases to level 3!
Your chain mail of the Disturbing Wonders prevents you from hitting the orc high priest.
The orc high priest is moderately wounded.
You hit the sun demon but do no damage. You hit the rust devil.
The orc warrior closely misses you.
The orc high priest hits you with a +0 long sword!
You die...

### #####)[....#....
##.## ###.##.[[.........
....###.....[.).........
.....#.......))[........
.............[[.[.......
.#....#.##.#..[.........
.......######.#[....#..#
......## ###..3..# ##
....### #8@).8# ......##
#ยง4oo.# .......#
#oo...# ..#.#.##
........ .....###
.........# #.#.#..#
............ .#.......
.......o..... .........
......._.o.... .##..##..


You could see 2 orc knights, an orc high priest (strong), a sun demon
(summoned), a rust devil (summoned), 2 orc warriors and an orc priest (strong).

Vanquished Creatures
  Gastronok (D:8)
  The ghost of Ladykiller69 the Fighter, a novice OgGl of Okawaru (D:8)
  2 two-headed ogres
  An orc knight (Orc:2)
  An orc sorcerer (Orc:2)
  A gargoyle (D:10)
  Maggie (D:6)
  A troll (Orc:2)
  Prince Ribbit (D:5)
  A slime creature (D:8)
  Sigmund (D:6)
  3 wyverns (D:9)
  10 yaks
  Menkaure (D:6)
  3 wargs
  4 water moccasins
  4 ice beasts
  2 sky beasts (D:5)
  An eye of draining (D:10)
  25 orc warriors
  2 phantoms
  A black bear (D:10)
  14 ogres
  2 centaurs
  3 big kobolds
  4 bullfrogs
  2 wyvern zombies
  2 scorpions
  4 water moccasin zombies (Ossuary)
  3 killer bees (D:7)
  10 wights (D:9)
  5 howler monkeys
  5 jellies
  2 bullfrog skeletons
  A bullfrog zombie (D:10)
  3 hounds (D:4)
  30 orc wizards
  23 orc priests
  Ijyb (D:2)
  A centaur skeleton (D:4)
  2 iguanas
  7 worker ants
  5 big kobold zombies (Ossuary)
  A hound zombie (D:8)
  2 mummies (Ossuary)
  2 hound skeletons
  4 gnolls (D:9)
  13 adders
  2 shadow imps
  3 white imps
  2 ufetubi
  2 oozes
  4 adder skeletons
  6 adder zombies (Ossuary)
  4 worms
  9 dart slugs
  9 leopard geckos
  77 orcs
  A ball python (D:4)
  2 giant cockroaches
  3 gnoll zombies (Ossuary)
  13 hobgoblins
  5 quokkas
  8 bats
  7 frilled lizards
  16 goblins
  6 hobgoblin zombies (Ossuary)
  12 kobolds
  A kobold zombie (Ossuary)
  A leopard gecko skeleton (D:8)
  4 orc zombies (Ossuary)
  4 rats
420 creatures vanquished.

Vanquished Creatures (collateral kills)
  An orc warlord (Orc:2)
  An ogre mage (Orc:2)
  3 two-headed ogres (Orc:2)
  An orc sorcerer (Orc:2)
6 creatures vanquished.

Vanquished Creatures (others)
  2 orcs
  A fungus (D:9)
  20 plants (D:9)
23 creatures vanquished.

Grand Total: 449 creatures vanquished

Notes
Turn   | Place    | Note
-------+----------+-------------------------------------------
     0 | D:1      | dohliylev the Minotaur Berserker began the quest for the
                  | Orb.
     0 | D:1      | Reached XP level 1. HP: 19/19 MP: 0/0
   249 | D:1      | Reached XP level 2. HP: 26/27 MP: 1/1
   376 | D:1      | Reached skill level 4 in Axes
   575 | D:1      | Reached XP level 3. HP: 31/33 MP: 2/2
  1011 | D:2      | Found a blossoming altar of Fedhas.
  1317 | D:2      | Noticed Ijyb
  1326 | D:2      | Killed Ijyb
  1327 | D:2      | Reached XP level 4. HP: 41/41 MP: 3/3
  1363 | D:2      | Reached ** piety under Trog
  1559 | D:2      | Found a bloodstained altar of Trog.
  1760 | D:3      | Reached skill level 5 in Axes
  1980 | D:3      | Found a burning altar of Makhleb.
  2052 | D:3      | Reached XP level 5. HP: 47/47 MP: 4/4
  2771 | D:4      | Reached skill level 5 in Fighting
  2791 | D:4      | Noticed a phantom
  2805 | D:4      | Reached skill level 6 in Axes
  2805 | D:4      | Reached XP level 6. HP: 23/56 MP: 5/5
  3175 | D:4      | Reached skill level 5 in Armour
  3294 | D:4      | Found a staircase to the Ecumenical Temple.
  3331 | D:4      | Reached XP level 7. HP: 61/61 MP: 6/6
  3598 | D:4      | Reached skill level 7 in Axes
  4362 | D:5      | Entered Level 5 of the Dungeon
  4362 | D:5      | Found a sand-covered staircase.
  4370 | Ossuary  | Entered an ossuary
  4435 | Ossuary  | Reached *** piety under Trog
  4491 | Ossuary  | Reached skill level 8 in Axes
  4521 | Ossuary  | Reached XP level 8. HP: 60/70 MP: 7/7
  4662 | D:5      | Noticed Prince Ribbit
  4740 | D:5      | Got a fine scale mail
  4755 | D:5      | Identified the +2 scale mail of Masochism {rPois rF- Int+8}
                  | (You found it on level 5 of the Dungeon)
  4800 | D:5      | Killed Prince Ribbit
  4801 | D:5      | Reached skill level 9 in Axes
  5039 | D:5      | Got a warped chain mail
  5053 | D:5      | Identified the +5 chain mail of the Disturbing Wonders {rF-
                  | Regen+ Dex+3} (You found it on level 5 of the Dungeon)
  5065 | D:5      | Reached **** piety under Trog
  5173 | D:5      | Reached skill level 10 in Axes
  5632 | D:5      | Found Birch's Book Emporium.
  5757 | D:5      | Found an iron altar of Okawaru.
  5840 | D:6      | Noticed Sigmund
  5846 | D:6      | Reached XP level 9. HP: 79/79 MP: 8/8
  5857 | D:6      | Noticed Maggie
  5875 | D:6      | Killed Maggie
  5881 | D:6      | Killed Sigmund
  5882 | D:6      | Reached skill level 11 in Axes
  5943 | D:6      | Got a warped ring mail
  5987 | D:6      | Identified the +7 ring mail of Talal {*Corrode rElec
                  | Stlth+} (You found it on level 6 of the Dungeon)
  6009 | D:6      | Noticed Menkaure
  6023 | D:6      | Killed Menkaure
  6199 | D:6      | Found a sparkling altar of Nemelex Xobeh.
  6467 | D:7      | Found a basalt altar of Yredelemnul.
  6467 | D:7      | Found a hide-covered altar of Uskayaw.
  6477 | D:7      | Found a blossoming altar of Fedhas.
  6637 | D:7      | Reached ***** piety under Trog
  6721 | D:7      | Reached XP level 10. HP: 80/89 MP: 9/9
  6797 | D:7      | Reached skill level 12 in Axes
  7304 | D:8      | Reached skill level 10 in Armour
  7327 | D:8      | Found a runed translucent gate.
  7327 | D:8      | Found a runed translucent gate.
  7327 | D:8      | Found a runed translucent gate.
  7329 | D:8      | Noticed Ladykiller69's ghost (novice OgGl)
  7331 | D:8      | Found a viscous altar of Jiyva.
  7394 | D:8      | Noticed Gastronok
  7407 | D:8      | Killed Gastronok
  7408 | D:8      | Reached skill level 13 in Axes
  7724 | D:8      | Killed Ladykiller69's ghost
  7835 | D:9      | Reached XP level 11. HP: 81/99 MP: 10/10
  7853 | D:9      | Reached skill level 14 in Axes
  7924 | D:9      | Found a staircase to the Lair.
  8013 | D:9      | Reached skill level 10 in Fighting
  8506 | D:9      | Found an ornate altar of the Wu Jian Council.
  8540 | D:9      | Found a snail-covered altar of Cheibriados.
  8623 | D:10     | Entered Level 10 of the Dungeon
  8623 | D:10     | Found Qug Cin's Armour Emporium.
  8631 | D:10     | Bought a +2 buckler of reflection for 259 gold pieces
  8701 | D:10     | Found Sahuf's Antique Weapon Emporium.
  8715 | D:10     | Reached skill level 1 in Shields
  8745 | D:10     | Found a transporter.
  8745 | D:10     | Noticed arta456's ghost (journeyman DECj)
  8765 | D:10     | Found a staircase to the Orcish Mines.
  8780 | D:10     | Reached skill level 5 in Dodging
  8791 | D:10     | Received a gift from Trog
  8808 | D:10     | HP: 2/151 [orc warrior/+0 glaive (11)]
  9086 | D:10     | Found a transporter.
  9172 | D:10     | Found Cuirrod Joj's Armour Emporium.
  9362 | D:10     | Reached skill level 15 in Axes
  9363 | D:10     | Found Zaggiupt's Weapon Shop.
  9403 | Orc:1    | Entered Level 1 of the Orcish Mines
  9535 | D:10     | Bought a +0 pair of boots of running for 409 gold pieces
  9584 | Orc:1    | Noticed a two-headed ogre
  9585 | Orc:1    | Found a roughly hewn altar of Beogh.
  9599 | Orc:1    | Killed a two-headed ogre
  9733 | Orc:2    | Entered Level 2 of the Orcish Mines
  9733 | Orc:2    | Noticed a two-headed ogre
  9734 | Orc:2    | Noticed a two-headed ogre
  9735 | Orc:2    | Noticed an orc knight
  9735 | Orc:2    | Noticed a two-headed ogre
  9735 | Orc:2    | Noticed an ogre mage
  9759 | Orc:2    | Found a staircase to the Elven Halls.
  9762 | Orc:2    | Killed a two-headed ogre
  9765 | Orc:2    | Noticed a two-headed ogre
  9768 | Orc:2    | Killed a two-headed ogre
  9769 | Orc:2    | Killed a two-headed ogre
  9770 | Orc:2    | Killed an ogre mage
  9783 | Orc:2    | Killed a two-headed ogre
  9844 | Orc:2    | Killed an orc knight
  9845 | Orc:2    | Reached XP level 12. HP: 110/110 MP: 3/11
  9963 | Orc:2    | Reached skill level 16 in Axes
 10047 | Orc:2    | Received a gift from Trog
 10410 | Orc:2    | Noticed an orc warlord
 10540 | Orc:2    | Killed an orc warlord
 10604 | Orc:2    | Found a roughly hewn altar of Beogh.
 10606 | Orc:2    | Noticed an orc high priest
 10609 | Orc:2    | Paralysed by an orc sorcerer for 4 turns
 10616 | Orc:2    | HP: 4/162 [sun demon[an orc high priest] (28)]
 10617 | Orc:2    | Slain by an orc high priest

Illustrated notes

Levels and vault maps discovered:
D:1:      mainiacjoe_arrival_reflecting_pool, layout_basic, minmay_pentomino_v2
D:2:      kennysheep_the_goblin_king, layout_rooms,
          nicolae_overflow_hidden_temple, fedhas_ov_isle_minmay
D:3:      layout_loops_ring, lightli_temple_of_fire
D:4:      wander_river, layout_layer_cave, minmay_temple_entry_arrows,
          serial_glass, glass_columns_b, glass_columns_a, glass_columns_b,
          glass_columns_a, glass_columns_a, glass_columns_a, glass_columns_a,
          glass_columns_a
D:5:      kennysheep_slugbush, layout_basic, okawaru_altar_gauntlet_db,
          enter_ossuary_1, serial_shops, nicolae_shop_window_shopping,
          water_boxes_lemuel, uniq_prince_ribbit1
D:6:      layout_rooms, basic_altar, serial_rivers,
          chequers_serial_rivers_large_b, chequers_serial_rivers_micro_e,
          chequers_serial_rivers_marsh, chequers_serial_rivers_small_b,
          minmay_a_box_with_orc_wizards_in_it, uniq_maggie, uniq_menkaure,
          uniq_sigmund
D:7:      layout_rooms, chequers_temple_overflow_statue_of_worship
D:8:      layout_rooms, gammafunk_ghost_ooze, minivault_19, uniq_gastronok
D:9:      layout_loops_ring, slow_altar_2, lemuel_doored_altar,
          minmay_lair_entry_grove
D:10:     layout_roguey, david_orc_3, gammafunk_ghost_mausoleum, serial_shops,
          shop, shop, nicolae_shop_waterfront, shop
Orc:1:    layout_caves, basic_altar
Orc:2:    grunt_orc_cross, layout_caves

Skill      XL: |  1  2  3  4  5  6  7  8  9 10 11 12 |
---------------+-------------------------------------+-----
Fighting       | 4 5 7 8 9 11 | 11.7
Axes           | 4 5 6 8 10 11 13 15 16 | 16.6
Armour         | 3 4 5 6 8 9 10 11 12 | 12.1
Dodging        | 3 4 5 |  5.4
Shields        | 2 3 |  3.0

Action                   |  1- 3 |  4- 6 |  7- 9 | 10-12 || total
-------------------------+-------+-------+-------+-------++-------
Melee: Hand axe          |    79 |   126 |   375 |    21 ||   601
       Headbutt          |    13 |    25 |    84 |   119 ||   241
       War axe           |       |       |       |   232 ||   232
       Broad axe         |       |       |       |   223 ||   223
Invok: Berserk           |     2 |     4 |     6 |    14 ||    26
       Trog's Hand       |       |     2 |     2 |     5 ||     9
       Brothers in Arms  |       |       |       |     2 ||     2
  Use: Scroll            |       |       |       |    19 ||    19
 Stab: Distracted        |       |       |     1 |       ||     1
Armor: Chain mail        |    60 |    75 |   196 |   233 ||   564
       Animal skin       |     1 |       |       |       ||     1
       Scale mail        |       |       |    22 |       ||    22
Dodge: Dodged            |    49 |    61 |   193 |   176 ||   479
Block: Buckler           |       |       |       |    86 ||    86
       Reflection        |       |       |       |     4 ||     4
